 Dungeon Crawl Stone Soup version 0.22.1 (webtiles) character file.

55965 sanboga the Severer (level 14, -14/144 HPs)
             Began as a Gargoyle Berserker on Sept 18, 2018.
             Was a High Priest of Trog.
             Killed from afar by an orc sorcerer (19 damage)
             ... with a bolt of fire
             ... on level 2 of the Orcish Mines.
             The game lasted 00:39:37 (20641 turns).

sanboga the Severer (Gargoyle Berserker)           Turns: 20641, Time: 00:39:37

Health: -14/144    AC: -2    Str: 31    XL:     14   Next: 79%
Magic:  14/14      EV: 11    Int: 11    God:    Trog [*****.]
Gold:   1751       SH:  0    Dex: 13    Spells: 13/13 levels left

rFire    + . .     SeeInvis .   P - +9 broad axe "Uviaconi" {protect, rC++ Dex+4}
rCold    + . .     Gourm    +   (no shield)
rNeg     + . .     Faith    .   q - +0 plate armour
rPois    ∞         Spirit   .   G - +0 helmet {Int+3}
rElec    +         Reflect  .   z - scarf {repulsion}
rCorr    .         Harm     .   (no gloves)
MR       +....                  h - +1 pair of boots
Stlth    ..........             f - amulet of the gourmand
HPRegen  0.34/turn              m - +2 ring of evasion
MPRegen  0.14/turn              n - ring of fire

@: berserking, weakened, corroded, protection aura, flying, repel missiles, very
quick
A: big wings, negative energy resistance 1, electricity resistance, unbreathing,
petrification resistance, rot immunity, AC +10
a: Stop Flying, Berserk, Trog's Hand, Brothers in Arms, Renounce Religion


You were on level 2 of the Orcish Mines.
You worshipped Trog.
Trog was extremely pleased with you.
You were very full.

You visited 3 branches of the dungeon, and saw 19 of its levels.
You also visited: Labyrinth.

You collected 2168 gold pieces.
You spent 417 gold pieces at shops.

Inventory:

Hand Weapons
 B - a +1 vampiric hand axe
 E - a +2 battleaxe of flaming
 P - the +9 broad axe "Uviaconi" (weapon) {protect, rC++ Dex+4}
   (You bought it in a shop on level 2 of the Orcish Mines)

   It protects the one who uses it against injury (+AC on strike).
   It affects your dexterity (+4).
   It greatly protects you from cold.
Armour
 h - a +1 pair of boots (worn)
 q - a +0 plate armour (worn)
 z - a scarf of repulsion (worn)
 G - a +0 helmet of intelligence (worn)
Jewellery
 f - an amulet of the gourmand (around neck)
 m - a +2 ring of evasion (left hand)
 n - a ring of fire (right hand)
 p - an uncursed ring of see invisible
 v - an uncursed ring of resist corrosion
 y - a +4 ring of dexterity
 J - an uncursed ring of protection from fire {unknown}
 M - an uncursed ring of poison resistance {unknown}
 N - an uncursed ring of poison resistance {unknown}
Wands
 d - a wand of iceblast (13)
 l - a wand of random effects (64)
 o - a wand of enslavement (65)
 t - a wand of acid (5)
 u - a wand of polymorph (25)
 x - a wand of flame (34)
 D - a wand of disintegration (8)
Scrolls
 a - 6 scrolls of enchant armour
 b - 11 scrolls of teleportation
 e - 11 scrolls of remove curse
 r - a scroll of fog
 w - 5 scrolls of enchant weapon
 A - 3 scrolls of magic mapping
 C - a scroll of blinking
 F - a scroll of brand weapon
 H - a scroll of fear
Potions
 g - 5 potions of heal wounds
 i - a potion of resistance
 j - 2 potions of haste
 k - 3 potions of mutation
 s - a potion of might
 I - 2 potions of agility
 K - a potion of cancellation
 L - a potion of curing
Comestibles
 c - 37 rations
 O - 17 chunks of flesh


   Skills:
 + Level 14.0 Fighting
 * Level 16.0 Axes
 + Level 13.8 Armour
 - Level 1.5 Dodging


You had 13 spell levels left.
You didn't know any spells.
Your spell library was empty.

Dungeon Overview and Level Annotations

Branches:
Dungeon (11/15)            Temple (0/1) D:6            Lair (6/6) D:11
 Shoals (0/4) Lair:4       Spider (0/4) Lair:3        Slime (0/5) Lair:5
    Orc (2/2) D:11            Elf (0/3) Orc:2

Altars:
Ashenzari
Dithmenos
Elyvilon
Gozag
Nemelex Xobeh
Okawaru
Sif Muna
Trog
Xom
Yredelemnul
Beogh
Jiyva

Shops:
D:5 [   D:7 *}%   D:10 [   D:11 [   Orc:2 }(


Innate Abilities, Weirdness & Mutations

You are resistant to torment.
Your stone body is resilient. (AC +10)
You are immune to poison.
Your large and strong wings let you fly indefinitely.
You resist negative energy. (rN+)
You are resistant to electric shocks. (rElec)
You can survive without breathing.
You are immune to petrification.
You are immune to rotting.


Message History

The orange demon barely misses you. x2
A red film seems to cover your vision as you go berserk!
You feel yourself moving faster!
You feel mighty! The rust devil barely misses you.
The orc sorcerer hits you with a dagger.
* * * LOW HITPOINT WARNING * * *
The orange demon stings you!
* * * LOW HITPOINT WARNING * * *
The orange demon hits you!
* * * LOW HITPOINT WARNING * * *
You feel your attacks grow feeble.
You hit the orc sorcerer but do no damage.
You completely miss the rust devil.
You hit the orange demon but do no damage.
The rust devil hits you!
* * * LOW HITPOINT WARNING * * *
The rust devil corrodes you!
The orc sorcerer points at you and mumbles some strange words.
The bolt of fire hits you! You resist.
You die...

,,,,,**********,,,** #..##'##...
,,,,,,,,,,,,,,,...* #.##)).##..
......,,..*****#.#*####.#.)...#..
.....#,,..###*##.###.##.#.._..#..
......,,...#.##...#...#.#.....#..
......,,.......#.###....##...##..
....$.,*.........####)...#####...
......,,......4o4..#.............
......****#....#@................
......*,,,#....4.......###.......
......+,,_#..#)#...#.#.##........
*#.#..*,,,#,..###.###............
.**#*,****#...**### ##.#.........
..* *,,,,....,,* ##.#..........
,.# *,,,..###,** ##.............
,## **,*.** *** #..........#...
#* ***** ##.#......###..


You could see an orange demon, 2 rust devils and an orc sorcerer.

Vanquished Creatures
  A minotaur (Lab)
  Nessos (Lair:5)
  Josephine (D:11)
  The ghost of richr the Martial Artist, a journeyman OpTm of Fedhas (Lair:4)
  Harold (Orc:1)
  5 hydras
  An ice dragon (Lair:6)
  A queen ant (Lair:3)
  A death yak (D:11)
  5 two-headed ogres
  Sonja (Orc:1)
  A lindwurm (Lair:6)
  Pikel (D:7)
  An orc knight (D:11)
  An oklob plant (Lair:6)
  A wolf spider (Lair:3)
  A cyclops (D:11)
  4 elephants
  A molten gargoyle (Lair:1)
  3 black mambas
  5 torpor snails (Lair:6)
  17 spiny frogs
  2 rime drakes
  4 komodo dragons (Lair:6)
  A tengu conjurer (D:11)
  A troll (Orc:2)
  4 tyrant leeches (Lair:6)
  6 hornets (Lair:6)
  2 slime creatures (Lair:3)
  10 blink frogs
  9 hippogriffs
  A snapping turtle (Lair:4)
  3 wyverns
  A shadow (Lab)
  6 wraiths (D:11)
  19 yaks
  7 hungry ghosts
  6 basilisks
  3 wargs
  6 water moccasins
  7 soldier ants (Lair:3)
  8 porcupines
  24 orc warriors
  4 sky beasts
  An eye of draining (D:10)
  4 slaves (D:7)
  2 black bears
  8 ogres
  8 wolves
  5 centaurs
  13 crocodiles
  3 big kobolds
  A gnoll sergeant (D:8)
  14 bullfrogs
  A wyvern skeleton (D:10)
  2 scorpions
  20 killer bees
  5 howler monkeys
  5 electric eels
  6 crimson imps
  2 centaur zombies
  2 quasits
  5 hounds
  9 jellies
  21 orc wizards
  A bullfrog skeleton (D:10)
  20 orc priests
  3 centaur skeletons
  2 hell rats (D:11)
  3 iguanas
  24 worker ants
  A hound zombie (D:11)
  A hound skeleton (D:7)
  A worker ant zombie (D:11)
  9 gnolls
  13 adders
  3 river rats (D:11)
  2 shadow imps
  6 oozes
  5 adder skeletons
  An adder zombie (D:6)
  2 worms
  2 dart slugs
  4 leopard geckos
  93 orcs
  6 giant cockroaches
  6 goblins
  7 hobgoblins
  4 jackals (D:2)
  9 quokkas
  A ball python skeleton (D:4)
  12 bats
  7 frilled lizards
  18 kobolds
  2 leopard gecko skeletons
  A quokka zombie (D:9)
  10 rats
  4 fungi
  16 plants
625 creatures vanquished.

Vanquished Creatures (collateral kills)
  A dire elephant (Lair:4)
  The ghost of drock42 the Spear-Bearer, a journeyman MfSu of Makhleb (Lair:3)
  A hydra (Lair:3)
  2 death yaks (D:11)
  An elephant (Lair:4)
  A spiny frog (Lair:4)
  A komodo dragon (Lair:3)
  A slime creature (Lair:3)
  A hippogriff (D:11)
  A basilisk (Lair:3)
  A porcupine (Lair:4)
  A jelly (Lair:3)
13 creatures vanquished.

Vanquished Creatures (others)
  An elephant (Lair:5)
  A spiny frog (Lair:5)
  A dart slug (D:1)
  4 fungi
  4 plants
11 creatures vanquished.

Grand Total: 649 creatures vanquished

Notes
Turn   | Place    | Note
-------+----------+-------------------------------------------
     0 | D:1      | sanboga the Gargoyle Berserker began the quest for the Orb.
     0 | D:1      | Reached XP level 1. HP: 14/14 MP: 1/1
   129 | D:1      | Reached skill level 3 in Axes
   129 | D:1      | Reached XP level 2. HP: 14/19 MP: 2/2
   557 | D:1      | Reached XP level 3. HP: 20/23 MP: 3/3
   600 | D:2      | Found a sparkling altar of Nemelex Xobeh.
   615 | D:2      | Reached ** piety under Trog
   985 | D:2      | Reached XP level 4. HP: 27/29 MP: 4/4
  1652 | D:3      | Reached skill level 4 in Axes
  1652 | D:3      | Reached XP level 5. HP: 33/33 MP: 5/5
  1740 | D:3      | Reached *** piety under Trog
  2246 | D:4      | Found an opulent altar of Gozag.
  2251 | D:4      | Found a shadowy altar of Dithmenos.
  2253 | D:4      | Found a shattered altar of Ashenzari.
  2267 | D:4      | Reached XP level 6. HP: 12/39 MP: 6/6
  2576 | D:4      | You fall through a shaft!
  2576 | D:5      | Entered Level 5 of the Dungeon
  2617 | D:5      | Found a deep blue altar of Sif Muna.
  2945 | D:4      | Reached skill level 5 in Axes
  3268 | D:4      | Found an iron altar of Okawaru.
  3340 | D:4      | Reached skill level 5 in Fighting
  3340 | D:4      | Reached XP level 7. HP: 44/44 MP: 7/7
  3806 | D:5      | Reached **** piety under Trog
  4106 | D:5      | Received a gift from Trog
  4226 | D:5      | Reached skill level 6 in Axes
  4258 | D:5      | Reached skill level 5 in Armour
  4430 | D:5      | Reached XP level 8. HP: 51/51 MP: 8/8
  4538 | D:5      | Found Efusist's Antique Armour Boutique.
  4956 | D:6      | Reached skill level 7 in Axes
  5470 | D:6      | Found an iron altar of Okawaru.
  5748 | D:6      | Found a staircase to the Ecumenical Temple.
  6021 | D:6      | Reached XP level 9. HP: 56/56 MP: 9/9
  6072 | D:7      | Reached skill level 8 in Axes
  6081 | D:7      | Reached ***** piety under Trog
  6230 | D:7      | Found Ymocsaon's Assorted Antiques.
  6232 | D:7      | Noticed Pikel
  6263 | D:7      | Killed Pikel
  6282 | D:7      | Bought a potion of heal wounds for 100 gold pieces
  6282 | D:7      | Bought a fizzy white potion for 18 gold pieces
  6282 | D:7      | Bought a scroll labeled APNANUWINO for 20 gold pieces
  6538 | D:7      | Received a gift from Trog
  6626 | D:7      | Found Ighoreatt's Food Shop.
  6691 | D:7      | Found Iddenny's Gadget Shoppe.
  6991 | D:8      | Reached skill level 9 in Axes
  7491 | D:9      | Reached XP level 10. HP: 64/64 MP: 10/10
  7509 | D:9      | Found a basalt altar of Yredelemnul.
  8089 | D:9      | Found a shimmering altar of Xom.
  8090 | D:9      | Found a white marble altar of Elyvilon.
  8134 | D:9      | Reached skill level 10 in Axes
  8510 | D:10     | Entered Level 10 of the Dungeon
  8691 | D:10     | Found a bloodstained altar of Trog.
  8768 | D:10     | Found Kirut's Armour Emporium.
  8795 | D:10     | Received a gift from Trog
  9462 | D:11     | Reached XP level 11. HP: 71/71 MP: 11/11
  9470 | D:11     | Found a staircase to the Orcish Mines.
  9470 | D:11     | Noticed a cyclops
  9470 | D:11     | Noticed Josephine
  9493 | D:11     | Reached skill level 11 in Axes
  9504 | D:11     | Killed a cyclops
  9510 | D:11     | Killed Josephine
  9518 | D:11     | Reached skill level 10 in Fighting
  9639 | D:11     | Noticed a two-headed ogre
  9660 | D:11     | Killed a two-headed ogre
  9702 | D:11     | Noticed a two-headed ogre
  9713 | D:11     | Noticed a two-headed ogre
  9722 | D:11     | Killed a two-headed ogre
  9722 | D:11     | Reached skill level 10 in Armour
  9727 | D:11     | Killed a two-headed ogre
  9846 | D:11     | Reached skill level 12 in Axes
 10042 | D:11     | Found a roughly hewn altar of Beogh.
 10170 | D:11     | Found a white marble altar of Elyvilon.
 10445 | D:11     | Found a staircase to the Lair.
 10447 | D:11     | Noticed a death yak
 10448 | D:11     | Noticed a death yak
 10448 | D:11     | Noticed a death yak
 10460 | D:11     | Killed a death yak
 10466 | D:11     | Killed a death yak
 10466 | D:11     | Reached XP level 12. HP: 79/79 MP: 12/12
 10467 | D:11     | Killed a death yak
 10558 | D:11     | Found Weenised's Antique Armour Shoppe.
 10792 | Lair:1   | Entered Level 1 of the Lair of Beasts
 11235 | Lair:1   | Reached skill level 13 in Axes
 11322 | Lair:1   | Noticed a four-headed hydra
 11329 | Lair:1   | Killed a four-headed hydra
 12004 | Lair:2   | Received a gift from Trog
 12720 | Lair:3   | Reached XP level 13. HP: 86/86 MP: 13/13
 12972 | Lair:3   | Reached skill level 14 in Axes
 13327 | Lair:3   | Found a hole to the Spider Nest.
 13409 | Lair:3   | Found a runed gate.
 13414 | Lair:3   | Noticed drock42's ghost (journeyman MfSu)
 13415 | Lair:3   | Found a runed gate.
 13415 | Lair:3   | Found a viscous altar of Jiyva.
 13415 | Lair:3   | Found a runed gate.
 13416 | Lair:3   | Found the +7 lajatang of Order {silver, rMut}
 13434 | Lair:3   | Killed drock42's ghost
 13447 | Lair:3   | Identified a scroll of acquirement
 14452 | Lair:4   | Found a staircase to the Shoals.
 14691 | Lair:4   | Found a runed gate.
 14691 | Lair:4   | Found a runed gate.
 14691 | Lair:4   | Found a runed gate.
 14691 | Lair:4   | Noticed richr's ghost (journeyman OpTm)
 14694 | Lair:4   | Noticed a dire elephant
 14744 | Lair:4   | Killed a dire elephant
 14750 | Lair:4   | Killed richr's ghost
 15036 | Lair:4   | You fall through a shaft for 2 floors!
 15036 | Lair:6   | Entered Level 6 of the Lair of Beasts
 15048 | Lair:5   | Noticed Nessos
 15101 | Lair:5   | Killed Nessos
 15301 | Lair:5   | Reached skill level 15 in Axes
 15624 | Lair:5   | Found a staircase to the Slime Pits.
 15625 | Lair:5   | Found a viscous altar of Jiyva.
 15771 | Lair:5   | Gained mutation: Your large and strong wings let you fly
                  | indefinitely. [Gargoyle growth]
 15771 | Lair:5   | Reached XP level 14. HP: 93/94 MP: 14/14
 16617 | Lair:6   | Found a runed door.
 19015 | Orc:1    | Entered Level 1 of the Orcish Mines
 19017 | Orc:1    | Noticed Harold
 19220 | Orc:1    | Noticed Sonja
 19221 | Orc:1    | Killed Harold
 19224 | Orc:1    | Killed Sonja
 19224 | Orc:1    | Received a gift from Trog
 19249 | Orc:1    | Found a roughly hewn altar of Beogh.
 19468 | Orc:2    | Entered Level 2 of the Orcish Mines
 19530 | Orc:2    | Found a staircase to the Elven Halls.
 19534 | Orc:2    | Found a labyrinth entrance.
 19544 | Lab      | Entered a labyrinth
 19778 | Lab      | Identified Uniragi's Incunabulum of Clay
 19785 | Lab      | Identified Kuibof's Incunabulum of Ensnaring Dislocation
 20083 | Orc:2    | Found a roughly hewn altar of Beogh.
 20086 | Orc:2    | Reached skill level 16 in Axes
 20106 | Orc:2    | Found a roughly hewn altar of Beogh.
 20165 | Orc:2    | Found a roughly hewn altar of Beogh.
 20166 | Orc:2    | Found Uruheh's Gadget Shop.
 20526 | Orc:2    | Found a roughly hewn altar of Beogh.
 20533 | Orc:2    | Found Osyfriga's Antique Weapon Boutique.
 20542 | Orc:2    | Bought an ichor-stained broad axe for 279 gold pieces
 20542 | Orc:2    | Identified the +9 broad axe "Uviaconi" {protect, rC++
                  | Dex+4} (You bought it in a shop on level 2 of the Orcish
                  | Mines)
 20579 | Orc:2    | Found a roughly hewn altar of Beogh.
 20641 | Orc:2    | HP: 5/144 [rust devil[an orc sorcerer] (8)]
 20641 | Orc:2    | Killed from afar by an orc sorcerer

Skill      XL: |  1  2  3  4  5  6  7  8  9 10 11 12 13 14 |
---------------+-------------------------------------------+-----
Axes           | 3 4 5 6 7 9 10 12 13 15 16 | 16.0
Armour         | 3 4 5 6 7 9 10 11 12 13 | 13.8
Fighting       | 4 5 6 8 9 10 12 13 14 | 14.0
Dodging        | |  1.5

Action                   |  1- 3 |  4- 6 |  7- 9 | 10-12 | 13-15 || total
-------------------------+-------+-------+-------+-------+-------++-------
Melee: Hand axe          |   125 |   254 |   408 |   945 |   620 ||  2352
       Battleaxe         |       |       |       |       |   361 ||   361
       Broad axe         |       |       |       |       |    33 ||    33
Invok: Berserk           |       |     4 |     6 |     5 |     6 ||    21
       Brothers in Arms  |       |       |       |     1 |     5 ||     6
 Abil: Fly               |       |       |       |       |     1 ||     1
Evoke: Wand              |       |       |       |     5 |     2 ||     7
  Use: Scroll            |     2 |     9 |     4 |     6 |    14 ||    35
       Potion            |     2 |     2 |     3 |       |       ||     7
  Eat: Chunk             |     2 |    19 |    29 |    27 |    46 ||   123
       Ration            |       |       |       |       |     2 ||     2
Armor: Animal skin       |    73 |       |       |       |       ||    73
       Chain mail        |    14 |   194 |    83 |       |       ||   291
       Plate armour      |       |       |   184 |   671 |   819 ||  1674
Dodge: Dodged            |    98 |   123 |   143 |   476 |   487 ||  1327
       Deflected         |       |       |       |    15 |    13 ||    28
